Map: 데이터-C

Players

DnS

  • Race: Protoss Protoss
  • Spawn Location: 9:00

Ryung - Winner!

  • Race: Terran Terran
  • Spawn Location: 3:00

Event: DreamHack SC2 Masters 2022 Atlanta (Offline)

VOD

Have the link to the VOD?

Description

Time

  • Played on: Nov. 18, 2022, 1 p.m.
  • Length: 9:26

All games in this series

Show
View Real Time Build Order
Export as new Build Order

DnS Protoss 

Build Orders: Phoenix Opening 

Get SALT Encoding   

  12  0:00  Probe  
  13  0:12  Probe  
  14  0:18  Pylon  
  14  0:24  Probe (Chrono Boost)  
  15  0:36  Probe (Chrono Boost)  
  15  0:39  Gateway  
  16  0:45  Probe (Chrono Boost)  
  17  0:50  Pylon  
  17  0:52  Probe  
  18  0:59  Assimilator  
  18  1:04  Probe  
  19  1:12  Gateway  
  19  1:16  Probe  
  20  1:29  Cybernetics Core  
  20  1:32  Zealot  
  22  1:35  Probe  
  23  1:43  Assimilator  
  23  1:47  Probe  
  24  1:59  Probe  
  25  2:03  Stalker (Chrono Boost)  
  25  2:05  Adept (Chrono Boost)  
  28  2:10  Warp Gate (Chrono Boost)  
  28  2:11  Probe  
  28  2:15  Pylon  
  29  2:26  Stalker  
  31  2:34  Probe  
  31  2:36  Adept  
  34  2:48  Probe  
  35  2:56  Stargate  
  35  3:01  Probe  
  35  3:03  Pylon  
  36  3:24  Nexus  
  36  3:26  Probe  
  35  3:38  Probe  
  35  3:39  Phoenix  
  36  3:50  Probe  
  36  3:51  Stalker  
  36  3:53  Stalker  
  41  4:02  Probe  
  42  4:04  Pylon  
  40  4:16  Phoenix (Chrono Boost)  
  38  4:18  Stalker  
  38  4:20  Stalker  
  38  4:39  Phoenix (Chrono Boost)  
  38  4:40  Probe x2  
  38  4:44  Stalker  
  44  4:48  Stalker  
  46  4:53  Probe  
  46  4:55  Probe  
  48  5:04  Phoenix (Chrono Boost)  
  48  5:05  Probe  
  51  5:07  Probe  
  51  5:10  Stalker  
  54  5:14  Pylon  
  54  5:27  Probe  
  55  5:29  Zealot  
  55  5:32  Probe  
  58  5:36  Twilight Council  
  58  5:39  Probe  
  59  5:45  Probe  
  60  5:51  Gateway  
  60  5:54  Gateway  
  60  5:56  Probe  
  61  5:57  Probe  
  61  5:58  Phoenix  
  64  6:04  Charge (Chrono Boost)  
  64  6:05  Stalker  
  64  6:10  Probe  
  65  6:15  Probe  
  65  6:16  Nexus  
  66  6:22  Zealot, Probe  
  69  6:27  Forge  
  69  6:28  Probe  
  70  6:38  Probe  
  71  6:40  Probe  
  71  6:44  Pylon  
  72  6:51  Probe  
  72  6:52  Gateway  
  72  6:53  Zealot, Sentry, Gateway, Protoss Ground Armor Level 1 (Chrono Boost)  
  77  6:55  Pylon  
  77  6:59  Probe  
  78  7:04  Gateway  
  78  7:07  Gateway  
  78  7:09  Probe  
  79  7:16  Shield Battery  
  79  7:18  Phoenix  
  79  7:20  Probe  
  79  7:21  Probe  
  83  7:28  Probe  
  84  7:31  Pylon  
  84  7:33  Probe x2  
  84  7:36  Zealot x2, Sentry  
  92  7:42  Probe, Gateway  
  93  7:45  Probe  
  93  7:49  Probe  
  95  7:51  Gateway  
  95  7:52  Zealot x2  
  95  7:55  Phoenix (Chrono Boost)  
  101  8:05  Zealot x4  
  109  8:09  Photon Cannon  
  109  8:10  Pylon  
  109  8:28  Zealot x4  
  109  8:31  Pylon  
  109  8:32  Pylon  
  117  8:40  Zealot  
  117  8:41  Zealot x3  
  99  8:42  Phoenix  
  101  8:50  Zealot x5  
  85  9:05  Zealot  
  85  9:06  Zealot x3  
  81  9:10  Zealot x3  
  81  9:15  Zealot  
  81  9:16  Zealot  
Show
View Real Time Build Order
Export as new Build Order

Ryung Terran - Winner!

Build Orders: Cyclone Opening 

Get SALT Encoding   

  12  0:00  SCV  
  13  0:12  SCV  
  14  0:17  Supply Depot  
  14  0:24  SCV  
  15  0:38  SCV  
  15  0:39  Barracks  
  16  0:43  Refinery  
  16  0:50  SCV  
  16  0:53  Refinery  
  17  1:02  SCV  
  18  1:14  SCV  
  19  1:26  Reaper  
  19  1:27  Supply Depot, Orbital Command  
  20  1:41  Factory  
  20  1:53  SCV  
  21  1:59  Barracks Reactor  
  21  2:05  SCV  
  22  2:17  SCV  
  22  2:21  Command Center  
  23  2:25  Factory Tech Lab  
  23  2:29  SCV  
  24  2:35  Marine x2  
  26  2:40  Bunker  
  26  2:41  SCV  
  26  2:44  Cyclone  
  29  2:54  Marine x2  
  29  2:55  Supply Depot, SCV  
  30  3:08  SCV  
  29  3:14  Marine x2  
  29  3:16  Cyclone  
  33  3:20  SCV  
  34  3:32  SCV  
  35  3:42  Command Center  
  35  3:44  SCV  
  36  3:55  Supply Depot  
  36  3:58  SCV  
  37  4:16  Siege Tank  
  40  4:19  Barracks  
  40  4:29  Barracks  
  40  4:35  Marine x2  
  39  4:40  SCV  
  40  4:47  Engineering Bay  
  40  4:52  Siege Tank  
  43  4:53  SCV  
  43  4:55  Marine  
  43  4:57  Marine  
  46  5:07  Barracks Tech Lab  
  46  5:08  SCV  
  47  5:15  Orbital Command  
  47  5:17  Missile Turret  
  47  5:20  SCV, Marine  
  49  5:31  Stimpack  
  49  5:32  SCV  
  49  5:33  Barracks Tech Lab  
  49  5:34  Terran Infantry Weapons Level 1  
  50  5:41  SCV  
  51  5:44  SCV, Marine x3  
  51  5:49  Supply Depot  
  55  5:53  SCV  
  55  5:56  Starport  
  55  5:57  SCV  
  57  5:59  Refinery, Factory Reactor  
  57  6:06  SCV  
  57  6:09  SCV  
  57  6:11  Marine x3  
  59  6:12  Combat Shield, Marine  
  59  6:18  SCV  
  64  6:19  Supply Depot  
  64  6:21  SCV, Missile Turret  
  65  6:30  SCV  
  66  6:33  SCV  
  66  6:37  Supply Depot  
  66  6:38  Marauder, Marine  
  70  6:40  Marine  
  70  6:41  Marauder  
  70  6:42  Supply Depot  
  70  6:43  SCV  
  70  6:45  SCV, Medivac  
  77  6:49  Factory Reactor  
  77  6:58  Barracks, Medivac  
  77  7:00  SCV  
  80  7:02  SCV, Barracks  
  84  7:08  Marauder x2, Marine  
  84  7:14  Supply Depot  
  85  7:16  Supply Depot  
  85  7:19  Medivac  
  87  7:25  SCV x2  
  87  7:27  Widow Mine  
  87  7:28  Widow Mine  
  93  7:33  Marine  
  93  7:35  Medivac  
  93  7:36  Marauder x2  
  100  7:43  Supply Depot  
  100  7:45  Supply Depot  
  100  7:48  Marine x2  
  100  7:49  Marauder  
  104  7:51  Marine  
  104  7:57  Widow Mine, Marauder, Marine  
  110  8:04  Widow Mine  
  112  8:06  Marine  
  112  8:07  Marine  
  112  8:09  Marine  
  112  8:10  Marine  
  116  8:15  Marine  
  116  8:18  Marine  
  116  8:19  Supply Depot  
  118  8:20  Supply Depot  
  118  8:21  Widow Mine  
  118  8:24  Marine  
  120  8:28  Medivac x2  
  124  8:39  Marauder x2, Marine  
  118  8:45  Bunker  
  118  8:46  Marine  
  117  9:00  Marine  
  117  9:01  Marine x4  
  107  9:04  Marine  
Tags
 
Add a new tag
Caveats
  • Supply blocks, unpowered buildings, or Contaminate may cause inaccurate times.
  • Supply counts are checked every 10 seconds.